 Dungeon Crawl Stone Soup version 0.18.1-48-g4cf74bf (webtiles) character file.

52 MistressOfTheDunes the Insei (level 3, -1/29 HPs)
             Began as a Mummy Monk on July 19, 2016.
             Slain by a jackal (3 damage)
             ... on level 3 of the Dungeon.
             The game lasted 00:03:30 (2796 turns).

MistressOfTheDunes the Insei (Mummy Monk)           Turns: 2796, Time: 00:03:30

Health: -1/29      AC:  1    Str: 14    XL:     3   Next: 60%
Magic:  3/3        EV: 13    Int:  9    God:
Gold:   103        SH:  0    Dex: 15    Spells: 0 memorised, 2 levels left

rFire  x . .     SeeInvis .       - Unarmed
rCold  + . .     Gourm    .     (no armour)
rNeg   + + +     Faith    .     (no shield)
rPois  ∞         Spirit   .     b - +0 helmet
rElec  .         Dismiss  .     (no cloak)
rCorr  +         Reflect  .     (no gloves)
SustAt .         Harm     .     (no boots)
MR     .....                    (no amulet)
Stlth  ++........               e - ring of resist corrosion
                                g - -5 ring of slaying (curse)

@: not resistant to hostile enchantments, unstealthy
A: no food or potions, fire vulnerability, cold resistance 1, negative energy
resistance 3, torment resistance, unbreathing
a: no special abilities


You were on level 3 of the Dungeon.
You were not hungry.

You visited 1 branch of the dungeon, and saw 3 of its levels.

You collected 103 gold pieces.


Innate Abilities, Weirdness & Mutations

You do not eat or drink.
Your flesh is vulnerable to fire.
You are immune to poison.
Your flesh is cold resistant.
You are immune to negative energy.
You are immune to unholy pain and torment.
You can survive without breathing.


   Skills:
 - Level 3.0 Fighting
 - Level 2.4 Dodging
 - Level 1.5 Stealth
 + Level 4.4 Unarmed Combat


You had 2 spell levels left.
You didn't know any spells.

Inventory:

Armour
 b - a +0 helmet (worn)
 f - a +0 buckler
Jewellery
 a - an uncursed amulet of magic regeneration (quivered)
 e - a ring of resist corrosion (right hand)
 g - a cursed -5 ring of slaying (left hand)
Scrolls
 c - a scroll of identify {@r1}
 d - a scroll of recharging

Dungeon Overview and Level Annotations

Branches:
Dungeon (3/15)

Altars:
Okawaru

Annotations:
D:3 Krapule's ghost, amateur GrFi

▒▒▒▒▒▒▒.▒▒▒▒▒▒
▒....▒=....hM▒
▒.▒▒.▒▒▒▒▒▒▒▒▒
▒.▒.........<▒
▒.▒..▒▒▒▒▒▒▒▒▒
▒.▒..▒ ▒.▒..▒
▒.▒▒▒▒▒▒▒▒▒
▒.........▒
▒▒▒▒▒▒▒▒▒.▒


You could see a jackal.


Message History

* * * don't die
* * * You barely miss the jackal!
The jackal misses you!
You squash the jackal like an ant!
The jackal is lightly wounded!
The jackal barely misses you!
You beat the jackal but do no damage!
The jackal is lightly wounded!
The jackal bites you but does no damage!
The jackal bites you! * * * don't die
* * * You barely miss the jackal!
The jackal is lightly wounded!
The jackal misses you!
You completely miss the jackal!
The jackal is lightly wounded!
The jackal barely misses you!
You pulverise the jackal but do no damage!
The jackal is lightly wounded!
The jackal barely misses you! The jackal bites you! * * * don't die
* * * You closely miss the jackal!
The jackal is lightly wounded!
The jackal barely misses you!
You pummel the jackal like a punching bag!
The jackal is heavily wounded!
The jackal closely misses you!
You miss the jackal!
The jackal is heavily wounded!
The jackal bites you! rip

Action                   || total
-------------------------++-------
Melee: Unarmed           ||   182
       Punch             ||     6
  Use: Scroll            ||     3
 Stab: Sleeping          ||     1
Armor: Skin              ||    11
Dodge: Dodged            ||   135

Vault maps used:
D:1:      minmay_arrival_solitary_statue, kennysheep_decorative_pillar,
          serial_park_tiny_pond, hangedman_abyss_or_decor_stabs,
          minmay_door_square
D:3:      old_standard_altar, trog_three_pillars_becter

Notes
Turn   | Place    | Note
--------------------------------------------------------------
     0 | D:1      | MistressOfTheDunes the Mummy Monk began the quest for the Orb.
     0 | D:1      | Reached XP level 1. HP: 18/18 MP: 1/1
  1058 | D:2      | Reached XP level 2. HP: 24/24 MP: 2/2
  1300 | D:2      | Reached skill level 4 in Unarmed Combat
  1300 | D:2      | Reached XP level 3. HP: 4/29 MP: 3/3
  2005 | D:2      | halal
  2707 | D:3      | Found an iron altar of Okawaru.
  2707 | D:3      | Noticed Krapule's ghost (amateur GrFi)
  2793 | D:3      | HP: 1/29 [jackal (3)]
  2796 | D:3      | Slain by a jackal

Vanquished Creatures
  3 adders (D:2)
  A giant gecko (D:3)
  2 bats (D:1)
  2 giant cockroaches (D:2)
  2 goblins
  2 hobgoblins
  4 jackals (D:2)
  4 kobolds
  4 rats
24 creatures vanquished.
